 Dungeon Crawl Stone Soup version 0.17-a0-2215-g49c1de0 (webtiles) character file.

2092 Ijustatesigmund the Covert (level 9, -3/57 HPs)
             Began as an Octopode Wizard on Oct 27, 2015.
             Killed from afar by an electric eel (12 damage)
             ... with a bolt of electricity
             ... on level 6 of the Dungeon.
             The game lasted 00:31:40 (9953 turns).

Ijustatesigmund the Covert (Octopode Wizard)        Turns: 9953, Time: 00:31:40

Health: -3/57      AC:  3    Str:  6    XL:     9   Next: 27%
Magic:  6/13       EV: 13    Int: 23    God:
Gold:   126        SH:  0    Dex: 11    Spells: 5 memorised, 3 levels left

rFire  . . .     SeeInvis .     v - -3 falchion (curse)
rCold  . . .     Clarity  .     (no shield)
rNeg   . . .     SustAt   .     a - +1 hat
rPois  .         Gourm    .     (no amulet)
rElec  .         Spirit   .     (no ring)
rCorr  .         Warding  .     (no ring)
rMut   .         Stasis   .     (no ring)
MR     .....                    (no ring)
Stlth  +++++++...               (no ring)
                                (no ring)
                                (no ring)
                                (no ring)

@: repel missiles, not resistant to hostile enchantments, extremely stealthy
A: almost no armour, amphibious, 8 rings, constrict 8, icy blue scales 1,
camouflage 1, gelatinous body 1
a: no special abilities


You were on level 6 of the Dungeon.
You were hungry.

You visited 1 branch of the dungeon, and saw 6 of its levels.
You also visited: Sewer.

You collected 318 gold pieces.
You spent 192 gold pieces at shops.

Inventory:

Hand Weapons
 d - a +0 short sword
 e - a +1 spear
 q - a +2 quarterstaff of chaos
 r - a +0 dagger of venom
 u - a +1 quarterstaff of crushing
 v - a cursed -3 falchion (weapon)
Armour
 a - a +1 hat (worn)
Jewellery
 i - an uncursed ring of fire
Wands
 z - a wand of paralysis (19)
Scrolls
 g - a scroll of enchant weapon
 m - 2 scrolls of blinking
 s - a scroll of teleportation
 t - a scroll of fear
 x - 3 scrolls of identify
 y - 4 scrolls of recharging
 A - 2 scrolls of amnesia
 C - a scroll of immolation
 F - a scroll of enchant armour
Potions
 j - 6 potions of heal wounds
 k - 2 potions of cure mutation
 l - 2 potions of curing
 n - a potion of flight
 o - a potion of cancellation
 p - 2 potions of resistance
 w - 2 potions of brilliance
 B - a potion of mutation
 D - a potion of haste
Books
 b - a book of Minor Magic

   Spells                             Type                      Level
   a - Magic Dart                     Conjuration                  1
   b - Blink                          Translocation                2
   c - Call Imp                       Summoning                    2
   d - Repel Missiles                 Charms/Air                   2
   e - Slow                           Hexes                        2
   f - Conjure Flame                  Conjuration/Fire             3
   g - Mephitic Cloud                 Conjuration/Poison/Air       3
Comestibles
 c - 8 bread rations
 f - 2 royal jellies
 h - 3 meat rations


   Skills:
 - Level 3.5 Fighting
 - Level 4.2 Dodging
 + Level 9.9 Stealth
 + Level 3.1 Spellcasting
 + Level 6.3 Conjurations
   Level 1.0 Summonings
 - Level 2.3 Translocations
 - Level 2.2 Fire Magic
 - Level 2.0 Air Magic
 - Level 3.0 Poison Magic


You had 3 spell levels left.
You knew the following spells:

 Your Spells              Type           Power        Failure   Level  Hunger
a - Magic Dart            Conj           ####         1%          1    None
b - Blink                 Tloc           N/A          10%         2    ##.....
c - Repel Missiles        Chrm/Air       #.....       14%         2    ##.....
d - Mephitic Cloud        Conj/Pois/Air  ###.....     10%         3    ###....
e - Conjure Flame         Conj/Fire      ###.....     8%          3    ###....


Dungeon Overview and Level Annotations

Branches:
Dungeon (6/15)             Temple (0/1) D:6

Altars:
Cheibriados
Kikubaaqudgha
Qazlal
Sif Muna
Zin
The Shining One

Shops:
D:4 *


Innate Abilities, Weirdness & Mutations

You cannot wear most types of armour.
You are amphibious.
You can wear up to eight rings at the same time.
You can use your tentacles to constrict eight enemies at once.
Your skin changes colour to match your surroundings (Stealth).
Your rubbery body absorbs attacks (AC +1).
You are partially covered in icy blue scales (AC +1).


Message History

Aiming: Magic Dart
Press: ? - help, Shift-Dir - straight line, f/p - electric eel
Aim: an electric eel (water, severely wounded)
The magic dart hits the electric eel.
The electric eel is severely wounded.
The electric eel shoots out a bolt of lightning at you!
The bolt of electricity misses you.
The electric eel shoots out a bolt of lightning at you!
The bolt of electricity hits you!
* * * LOW HITPOINT WARNING * * *
Casting: Magic Dart
Confirm with . or Enter, or press ? or * to list all spells.
Aiming: Magic Dart
Press: ? - help, Shift-Dir - straight line, f/p - electric eel
Aim: an electric eel (water, severely wounded)
The magic dart hits the electric eel.
The electric eel is severely wounded.
The electric eel shoots out a bolt of lightning at you!
The bolt of electricity hits you!
You die...

#≈≈≈≈≈≈## #≈≈≈≈≈≈≈#
#≈≈≈≈≈≈≈# #≈≈≈≈≈≈≈#
≈≈≈≈≈≈≈## ≈≈≈≈≈≈≈#
≈≈≈≈≈≈≈# ≈≈≈≈≈≈≈#
#############
≈≈≈≈≈≈≈#####≈≈≈≈@≈≈≈≈;≈≈
≈≈≈≈≈≈≈≈≈≈≈≈≈≈≈≈≈≈≈≈≈;≈≈
≈≈≈≈≈≈≈≈≈≈≈≈≈≈≈≈≈≈≈≈≈≈≈≈
≈≈...≈≈≈≈.≈.≈≈≈≈≈≈..≈..≈
........................
........................
######......#....#......
#......#+#####..#..
#......#


You could see 2 electric eels.

Vanquished Creatures
  Menkaure (D:4)
  Purgy (D:3)
  An ice beast (D:4)
  2 ogres (D:4)
  The ghost of emiel the Stinger, an amateur DsVM (D:4)
  A centaur (D:6)
  5 big kobolds (Sewer)
  A giant frog (D:6)
  2 scorpions (D:5)
  A centaur zombie (D:5)
  3 crimson imps
  2 giant frog zombies (D:6)
  2 hounds
  3 electric eels (D:6)
  2 jellies (D:5)
  Crazy Yiuf (D:2)
  2 quasits (D:6)
  3 worker ants
  An iguana (D:4)
  The ghost of emiel the Ruffian, a weakling CeMo (D:3)
  7 gnolls (D:3)
  Robin (D:2)
  12 adders
  3 river rats
  A shadow imp (D:5)
  2 oozes
  An adder skeleton (D:4)
  An adder zombie (D:4)
  9 worms
  10 orcs
  4 ball pythons
  13 bats
  3 giant cockroaches
  12 goblins
  10 hobgoblins
  13 jackals
  15 kobolds
  3 giant geckos
  A giant newt (D:3)
  A quokka (D:2)
  13 rats
171 creatures vanquished.

Notes
Turn   | Place    | Note
--------------------------------------------------------------
     0 | D:1      | Ijustatesigmund the Octopode Wizard began the quest for the Orb.
     0 | D:1      | Reached XP level 1. HP: 11/11 MP: 4/4
   274 | D:1      | Reached XP level 2. HP: 17/17 MP: 3/6
   969 | D:1      | Learned a level 2 spell: Blink
   972 | D:1      | Learned a level 2 spell: Repel Missiles
  1134 | D:2      | Reached XP level 3. HP: 21/21 MP: 3/7
  1204 | D:2      | Learned a level 3 spell: Mephitic Cloud
  1211 | D:2      | Reached skill level 4 in Stealth
  1926 | D:3      | Reached skill level 1 in Air Magic
  1926 | D:3      | Reached XP level 4. HP: 27/27 MP: 0/8
  2250 | D:3      | Found a deep blue altar of Sif Muna.
  2317 | D:3      | Noticed emiel's ghost (weakling CeMo)
  2494 | D:2      | Noticed Crazy Yiuf
  2513 | D:2      | Killed Crazy Yiuf
  2513 | D:2      | Reached skill level 5 in Stealth
  2513 | D:2      | Reached skill level 1 in Poison Magic
  2643 | D:2      | Reached XP level 5. HP: 31/31 MP: 4/9
  2647 | D:2      | Noticed Robin
  2669 | D:2      | Killed Robin
  3643 | D:3      | Killed emiel's ghost
  3643 | D:3      | Reached XP level 6. HP: 12/36 MP: 2/10
  4121 | D:3      | Noticed Purgy
  4154 | D:3      | Killed Purgy
  4154 | D:3      | Reached skill level 6 in Stealth
  4441 | D:4      | Noticed emiel's ghost (amateur DsVM)
  4449 | D:3      | Learned a level 3 spell: Conjure Flame
  4467 | D:4      | Killed emiel's ghost
  4467 | D:4      | Reached XP level 7. HP: 36/42 MP: 7/11
  4545 | D:4      | Noticed Menkaure
  4793 | D:4      | Killed Menkaure
  4793 | D:4      | Reached skill level 1 in Fighting
  5348 | D:4      | Gained mutation: You are partially covered in icy blue scales (AC +1). [potion of beneficial mutation]
  5498 | D:4      | Reached skill level 7 in Stealth
  5586 | D:4      | Found Ycaotiar's Assorted Antiques.
  5589 | D:4      | Bought a fizzy black potion for 18 gold pieces
  5589 | D:4      | Bought 2 brown potions for 36 gold pieces
  5589 | D:4      | Bought a glowing quarterstaff for 80 gold pieces
  5589 | D:4      | Bought a dark potion for 18 gold pieces
  5589 | D:4      | Bought a scroll of identify for 40 gold pieces
  5890 | D:4      | Reached XP level 8. HP: 51/51 MP: 0/12
  5993 | D:5      | Entered Level 5 of the Dungeon
  6383 | D:5      | Found a glowing drain.
  6387 | Sewer    | Entered a sewer
  6671 | Sewer    | Reached skill level 8 in Stealth
  6671 | Sewer    | Reached skill level 5 in Conjurations
  7945 | D:5      | Reached skill level 9 in Stealth
  8134 | D:5      | Found a stormy altar of Qazlal.
  8135 | D:5      | Found a snail-covered altar of Cheibriados.
  8136 | D:5      | Found a glowing silver altar of Zin.
  8136 | D:5      | Found a glowing golden altar of the Shining One.
  8137 | D:5      | Found an ancient bone altar of Kikubaaqudgha.
  8539 | D:5      | Reached XP level 9. HP: 57/57 MP: 2/13
  9098 | D:6      | Reached skill level 1 in Fire Magic
  9517 | D:6      | Found a staircase to the Ecumenical Temple.
  9953 | D:6      | Killed from afar by an electric eel

Vault maps used:
D:1:      matt_arrival_spirals
D:2:      hangedman_decor_clover_reticule, kennysheep_generic_room_9,
          uniq_crazy_yiuf_cottage, uniq_robin
D:3:      kennysheep_big_flooded_room, led_sif_pool, first_bread,
          minmay_misc_feat_alley, uniq_purgy
D:4:      serial_shops, kennysheep_mini, uniq_menkaure
D:5:      grunt_temple_overflow_open, gup_sewer_entry_spiral
D:6:      minmay_goblin_kobold_castle, minmay_temple_entry_hall, uniq_sigmund
Sewer:    sewer_co_tree

Action                   |  1- 3 |  4- 6 |  7- 9 || total
-------------------------+-------+-------+-------++-------
Melee: Spear             |    27 |    27 |       ||    54
       Whip              |     2 |       |       ||     2
       Quarterstaff      |       |    56 |     8 ||    64
       Falchion          |       |       |    12 ||    12
 Cast: Magic Dart        |    66 |    95 |   377 ||   538
       Repel Missiles    |     1 |     1 |     2 ||     4
       Mephitic Cloud    |       |     9 |     1 ||    10
       Blink             |       |     1 |     5 ||     6
       Conjure Flame     |       |     1 |     4 ||     5
  Use: Scroll            |    12 |       |    10 ||    22
       Potion            |       |     1 |     2 ||     3
 Stab: Sleeping          |     4 |     3 |     3 ||    10
       Confused          |       |     5 |     1 ||     6
  Eat: Chunk             |     1 |     5 |     6 ||    12
       Beef jerky        |     1 |       |     2 ||     3
       Pizza             |       |     3 |     1 ||     4
       Fruit             |       |       |     7 ||     7
